 Dungeon Crawl Stone Soup version 0.32-a0-913-g739538afd8 (webtiles) character file.

Game seed: 15324346058575859231

9629 Autsider the Fighter (level 11, -15/111 HPs)
             Began as an Oni Hedge Wizard on Apr 8, 2024.
             Was a Believer of Sif Muna.
             Demolished by a cane toad (21 damage)
             ... on level 9 of the Dungeon.
             The game lasted 01:03:00 (13990 turns).

Autsider the Fighter (Oni Hedge Wizard)            Turns: 13990, Time: 01:03:00

Health: -15/111    AC:  2    Str: 22    XL:     11   Next: 49%
Magic:  11/20      EV: 10    Int: 19    God:    Sif Muna [**....]
Gold:   476        SH:  0    Dex:  8    Spells: 11/22 levels left

rFire   + . .        m - +3 giant spiked club
rCold   . . .        (shield currently unavailable)
rNeg    . . .        (body armour restricted)
rPois   .            c - +0 hat
rElec   .            l - +0 cloak
rCorr   .            (gloves unavailable)
SInv    .            (boots unavailable)
Will    +....        j - amulet of regeneration
Stlth   ++           B - ring of protection from fire
HPRegen 1.18/turn    F - +6 ring of strength
MPRegen 0.17/turn

%: no passive effects
@: lethally poisoned (-15 -> -18)
A: large, unfitting armour, horns 1, tough skin 1, double potion healing,
drunken brawling
a: Renounce Religion, Channel Magic


You were on level 9 of the Dungeon.
You worshipped Sif Muna.
Sif Muna was pleased with you.
You visited 3 branches of the dungeon, and saw 12 of its levels.
You also visited: Sewer and Ossuary.

You collected 868 gold pieces.
You spent 392 gold pieces at shops.

Inventory:

Hand Weapons
 h - a +0 club
 m - a +3 giant spiked club (weapon)
 y - a +0 giant club
Missiles
 u - 5 atropa-tipped darts
Armour
 c - a +0 hat (worn)
 l - a +0 cloak (worn)
 n - +0 steam dragon scales
Jewellery
 j - an amulet of regeneration (around neck)
 o - a ring of ice
 B - a ring of protection from fire (left hand)
 F - a +6 ring of strength (right hand)
 G - an amulet of magic regeneration
Wands
 r - a wand of roots (11)
 x - a wand of light (6)
 D - a wand of flame (22)
Scrolls
 f - 3 scrolls of noise
 p - 3 scrolls of blinking
 s - 2 scrolls of vulnerability
 t - 3 scrolls of teleportation {@r2}
 w - 3 scrolls of amnesia
 z - 2 scrolls of enchant armour
 A - 3 scrolls of fog
 C - 2 scrolls of fear
 E - 2 scrolls of poison
 I - 2 scrolls of identify {@r1}
 J - a scroll of brand weapon {unknown}
Potions
 a - 3 potions of attraction
 b - a potion of haste {unknown}
 d - 2 potions of magic
 e - a potion of heal wounds
 g - 2 potions of lignification
 i - 3 potions of curing {@q1}
 k - 5 potions of enlightenment
 q - 2 potions of might {unknown}
 v - a potion of mutation
 H - 3 potions of ambrosia


   Skills:
 - Level 8.0 Fighting
 + Level 7.6 Maces & Flails
 + Level 7.1 Dodging
 - Level 2.0 Stealth
 + Level 6.1 Spellcasting
 + Level 7.1 Conjurations
 - Level 3.0 Summonings
 + Level 1.8 Translocations
 + Level 3.5 Fire Magic
 - Level 4.0 Air Magic
 - Level 4.0 Alchemy
 + Level 1.9 Invocations


You had 11 spell levels left.
You knew the following spells:

 Your Spells              Type           Power      Damage    Failure   Level
a - Magic Dart            Conj           100%       1d8       1%          1
u - Swiftness             Air            21%        N/A       6%          3
w - Mephitic Cloud        Conj/Alch/Air  25%        N/A       4%          3
z - Blink                 Tloc           24%        N/A       8%          2
A - Call Imp              Summ           34%        N/A       4%          2

Your spell library contained the following spells:

 Spells                   Type           Power      Damage    Failure   Level
 Kiss of Death            Conj/Necr      76%        2d11      2%          1
 Cigotuvi's Dreadful Rot  Necr/Alch/Air  30%        N/A       5%          2
 Slow                     Hex            20%        N/A       11%         1
 Ensorcelled Hibernation  Hex/Ice        10%        N/A       17%         2
 Ignite Poison            Fire/Alch      20%        N/A       24%         4
 Confusing Touch          Hex            5%         N/A       32%         3
 Passwall                 Erth           5%         N/A       32%         3
 Leda's Liquefaction      Alch/Erth      6%         N/A       43%         4
 Freezing Cloud           Conj/Ice/Air   9%         6-21      54%         5
 Dispel Undead            Necr           5%         3d7       73%         4
 Lee's Rapid Deconstruct  Erth           2%         3d5*      97%         5
 Permafrost Eruption      Ice/Erth       2%         2x4d2     100%        6


Dungeon Overview and Level Annotations

Branches:
Dungeon (10/15)            Temple (1/1) D:7            Lair (1/5) D:9
  Sewer (visited)         Ossuary (visited)
    Orc: D:9-12

Altars:
Ashenzari
Dithmenos
Elyvilon
Gozag
Hepliaklqana
Kikubaaqudgha
Makhleb
Nemelex Xobeh
Okawaru
Qazlal
Ru
Sif Muna
Trog
Uskayaw
Vehumet
Wu Jian
Xom
Yredelemnul
The Shining One

Shops:
D:3 :   D:5 ?

Annotations:
D:2 Sigmund
D:3 1 runed translucent door, Crazy Yiuf
D:5 1 runed translucent door, StarspawnTentacle's ghost, amateur CoHs
D:6 exclusion: downstairs
D:7 exclusion: downstairs
D:8 exclusion: upstairs
D:9 exclusion: 2 downstairs
D:10 Harold


Innate Abilities, Weirdness & Mutations

You are too large for most types of armour.
You have a pair of small horns on your head.
You have tough skin. (AC +1)
You gain doubled healing and magic from potions.
Whenever you drink a healing potion, you attack all around you.


Message History

Aim: a cane toad (heavily wounded, ally target, 100% to hit)
The magic dart hits the cane toad.
The cane toad is heavily wounded.
The cane toad stings you!!
* * * LOW HITPOINT WARNING * * *
Your cerulean imp hits the cane toad with a -3 spear.
Casting: Magic Dart (safe; 1% risk of failure)
Confirm with . or Enter, or press ? or * to list all spells.
Aiming: Magic Dart (safe; 1% risk of failure)
Press: ? - help, Shift-Dir - straight line, f/p - cane toad
Aim: a cane toad (heavily wounded, not watching you, ally target, 100% to hit)
The magic dart hits the cane toad.
The cane toad is severely wounded.
The cane toad stings you!!
* * * LOW HITPOINT WARNING * * *
Your cerulean imp hits the cane toad but does no damage.
You take a swig of the potion and twirl your +3 giant spiked club.
You barely miss the cane toad.
The cane toad is severely wounded.
You savour every drop.
You feel much better. The cane toad stings you!!
* * * LOW HITPOINT WARNING * * *
You are poisoned.
The cane toad poisons you!
Your cerulean imp hits the cane toad but does no damage.
The cane toad stings you!!
* * * LOW HITPOINT WARNING * * *
You closely miss the cane toad.
The cane toad is severely wounded.
You feel very sick.
Your cerulean imp disappears in a puff of smoke!
The cane toad stings you but does no damage.
You barely miss the cane toad.
You headbutt the cane toad, but do no damage.
The cane toad is severely wounded.
You feel ready to blink again.
You feel very sick. The cane toad stings you!
* * * LOW HITPOINT WARNING * * *
The cane toad stings you!!
You die...

##..#...#.# #####.....P.P
#...##.##.# #........ #
##.#..#.#..### #######'#..... #
###.....#.#....# #...........## #
#.'.....#.#....###...........#
###.#.....#'#....#.'.5.........#
##..#............ยง.#...........#
'..##...........F###...........#
#####...........@# #...........#
# ############## #...........#
#############


You could see a cane toad.

Vanquished Creatures
  A two-headed ogre (D:8)
  An elephant (D:9)
  Joseph (D:7)
  A black mamba (Lair:1)
  Maggie (D:7)
  2 trolls (D:9)
  A queen bee (D:9)
  Prince Ribbit (D:9)
  A wyvern (D:8)
  A yak (D:9)
  2 steam dragons
  5 water moccasins
  3 orc warriors
  An ice beast (D:6)
  2 sky beasts (D:6)
  7 black bears
  2 ogres
  A phantom (D:5)
  4 centaurs
  An elf zombie (Ossuary)
  2 bullfrogs (D:9)
  2 gnoll sergeants (D:8)
  4 scorpions
  13 wights
  22 killer bees
  3 howler monkeys
  A bombardier beetle (D:6)
  2 bullfrog zombies (D:6)
  2 centaur zombies (D:6)
  2 jellies
  2 sleepcaps
  4 orc priests
  3 hounds
  3 human zombies
  3 iguanas
  4 human skeletons (D:7)
  6 orc wizards
  2 hound zombies (Ossuary)
  4 mummies (Ossuary)
  A howler monkey zombie (D:6)
  2 gnolls (D:10)
  8 adders
  A shadow imp (D:8)
  A white imp (D:8)
  3 dart slugs
  2 ribbon worms (Sewer)
  32 orcs
  13 ball pythons
  7 bats
  9 endoplasms
  5 giant cockroaches
  11 goblins
  6 hobgoblins
  4 jackals
  14 kobolds
  3 quokkas
  5 frilled lizards
  A hobgoblin zombie (Ossuary)
  2 jackal zombies (Ossuary)
  A kobold zombie (Ossuary)
  An orc skeleton (D:7)
  2 orc zombies (Ossuary)
  3 rats
  A rat zombie (Ossuary)
261 creatures vanquished.

Vanquished Creatures (collateral kills)
  An ice beast (D:8)
  A wight (D:8)
  6 killer bees (D:9)
  2 bullfrog zombies (D:6)
  A jelly (D:7)
  A hound (D:5)
  3 adders
  A white imp (D:5)
  A ribbon worm (D:3)
  An orc (D:4)
  2 endoplasms
  A jackal (Sewer)
  A kobold (D:7)
22 creatures vanquished.

Vanquished Creatures (others)
  A killer bee (D:9)
1 creature vanquished.

Grand Total: 284 creatures vanquished

Notes
Turn   | Place    | Note
-------+----------+-------------------------------------------
     0 | D:1      | Autsider the Oni Hedge Wizard began the quest for the Orb.
     0 | D:1      | Reached XP level 1. HP: 16/16 MP: 5/5
    39 | D:1      | Reached skill level 1 in Conjurations
   130 | D:1      | Reached skill level 1 in Summonings
   180 | D:1      | Reached XP level 2. HP: 26/26 MP: 0/6
   543 | D:1      | Reached skill level 1 in Fighting
  1260 | D:2      | Reached XP level 3. HP: 22/33 MP: 2/8
  1270 | D:2      | Learned a level 2 spell: Call Imp
  1273 | D:2      | Learned a level 2 spell: Blink
  1277 | D:2      | Learned a level 3 spell: Mephitic Cloud
  1538 | D:2      | Found a faded altar of an unknown god.
  1592 | D:2      | Noticed Sigmund
  2362 | D:3      | Found Abis's Book Boutique.
  2426 | D:3      | Noticed an ogre
  2445 | D:3      | Killed an ogre
  2446 | D:3      | Reached skill level 2 in Fighting
  2446 | D:3      | Reached XP level 4. HP: 44/44 MP: 2/10
  2446 | D:3      | Reached XP level 5. HP: 50/50 MP: 2/11
  2547 | D:3      | Found a runed translucent door.
  2548 | D:3      | Noticed Crazy Yiuf
  2758 | D:3      | Found a glowing golden altar of the Shining One.
  3144 | D:3      | Found a shimmering altar of Xom.
  3155 | D:3      | Found a broken altar of Ashenzari.
  3704 | D:4      | Reached skill level 3 in Fighting
  3704 | D:4      | Reached skill level 1 in Maces & Flails
  3704 | D:4      | Reached XP level 6. HP: 61/61 MP: 6/12
  4441 | D:5      | Entered Level 5 of the Dungeon
  4611 | D:5      | Found a glowing drain.
  4638 | Sewer    | Entered a sewer
  5069 | Sewer    | Reached XP level 7. HP: 45/68 MP: 11/13
  5739 | D:5      | Reached skill level 4 in Fighting
  5935 | D:5      | Reached skill level 1 in Air Magic
  5935 | D:5      | Reached skill level 1 in Alchemy
  5937 | D:5      | Found Iniojev's Magic Scroll Boutique.
  6009 | D:5      | Reached XP level 8. HP: 78/78 MP: 10/14
  6023 | D:5      | Found a runed translucent door.
  6335 | D:5      | Noticed StarspawnTentacle's ghost (amateur CoHs)
  6962 | D:6      | Found a stormy altar of Qazlal.
  7322 | D:6      | Found an iron altar of Okawaru.
  7420 | D:6      | Found a basalt altar of Yredelemnul.
  7430 | D:6      | Learned a level 3 spell: Swiftness
  7662 | D:6      | Found a hide-covered altar of Uskayaw.
  7662 | D:6      | Found a hazy altar of Hepliaklqana.
  7903 | D:6      | Reached XP level 9. HP: 35/84 MP: 5/15
  8007 | D:6      | Reached skill level 5 in Fighting
  8590 | D:6      | Found an ancient bone altar of Kikubaaqudgha.
  8687 | D:7      | Found a sparkling altar of Nemelex Xobeh.
  8753 | D:7      | Reached skill level 5 in Maces & Flails
  8763 | D:7      | Found a radiant altar of Vehumet.
  8889 | D:7      | Reached skill level 6 in Fighting
  8889 | D:7      | Reached skill level 5 in Conjurations
  8908 | D:7      | Noticed Maggie
  8946 | D:7      | Killed Maggie
  8947 | D:7      | Reached skill level 5 in Dodging
  8972 | D:7      | Noticed Joseph
  9049 | D:7      | Killed Joseph
  9144 | D:7      | Found a flagged portal.
  9175 | D:7      | Found a sand-covered staircase.
  9180 | Ossuary  | Entered an ossuary
  9220 | Ossuary  | Reached skill level 7 in Fighting
  9220 | Ossuary  | Reached XP level 10. HP: 69/102 MP: 16/16
  9767 | D:7      | Found a staircase to the Ecumenical Temple.
  9775 | Temple   | Entered the Ecumenical Temple
  9785 | Temple   | Became a worshipper of Sif Muna the Loreminder
 10267 | D:3      | Bought a Trismegistus Codex for 392 gold pieces
 10922 | D:8      | Reached skill level 1 in Fire Magic
 11197 | D:8      | Reached * piety under Sif Muna
 11335 | D:8      | Reached skill level 8 in Fighting
 11715 | D:9      | Noticed a two-headed ogre
 11883 | D:8      | Killed a two-headed ogre
 12129 | D:9      | Reached skill level 5 in Spellcasting
 12150 | D:9      | Reached XP level 11. HP: 51/111 MP: 10/18
 13000 | D:9      | Noticed Prince Ribbit
 13008 | D:9      | Killed Prince Ribbit
 13035 | D:9      | Found a burning altar of Makhleb.
 13043 | D:9      | Reached ** piety under Sif Muna
 13188 | D:9      | Reached skill level 1 in Translocations
 13210 | D:9      | Reached skill level 1 in Invocations
 13361 | D:9      | Found an ornate altar of the Wu Jian Council.
 13569 | D:9      | Found a staircase to the Lair.
 13633 | D:10     | Entered Level 10 of the Dungeon
 13654 | D:10     | Noticed Harold
 13818 | Lair:1   | Entered Level 1 of the Lair of Beasts
 13990 | D:9      | Demolished by a cane toad

Illustrated notes

Levels and vault maps discovered:
D:1:      lightli_molten_gateway, layout_loops_ring
D:2:      layout_loops_ring, basic_ecumenical_altar, minmay_tripent,
          uniq_sigmund
D:3:      layout_loops_ring, old_standard_altar, jmf_multi_god_temple2,
          serial_shops, shop, uniq_crazy_yiuf_cottage
D:4:      layout_loops_ring
D:5:      layout_cave_pods, portal_sewer_entry_d,
          hellmonk_ghost_happy_afterlife, serial_shops, shop
D:6:      layout_loops_cross, nicolae_yredelemnul_corpse_copse, okawaru_trees_1,
          gammafunk_temple_overflow_wave, lemuel_round_altar,
          nicolae_qazlal_beasts_of_the_sky
D:7:      layout_gridville, nicolae_vehumet_radiance, old_standard_altar,
          minmay_temple_entry_mini_moons, enter_bailey_3,
          nicolae_ossuary_entry_catacombs, ebering_dispersal_statue_hall,
          uniq_joseph, uniq_maggie
D:8:      layout_cave_pods, minmay_fractal_squares_diagonal_5
D:9:      layout_roguey [special_room_bee], nicolae_wu_jian_wuxing_cycle,
          mainiacjoe_overflow_surrounded_room, due_lair_maze_entry_diamond,
          uniq_prince_ribbit1
D:10:     layout_roguey, mainiacjoe_overflow_boulevard,
          mainiacjoe_overflow_small_starburst, kennysheep_little_box,
          orc_0_dummy, hex_intersection, nrook_mini_backslash, uniq_harold
Temple:   hellmonk_temple_rainy
Lair:1:   layout_cave_shapes, nicolae_quartered_pool_impasse,
          grunt_forest_small_clearing_treed, grunt_megastairs_4, uniq_jeremiah

Skill      XL: |  1  2  3  4  5  6  7  8  9 10 11 |
---------------+----------------------------------+-----
Conjurations   | 1 2 3 4 5 6 7 |  7.1
Summonings     | 1 2 3 |  3.0
Dodging        | 2 3 4 5 6 7 |  7.1
Fighting       | 1 2 3 4 7 8 |  8.0
Spellcasting   | 4 5 6 |  6.1
Stealth        | 2 |  2.0
Maces & Flails | 1 3 4 5 7 |  7.6
Air Magic      | 1 3 4 |  4.0
Alchemy        | 1 3 4 |  4.0
Fire Magic     | 2 3 |  3.5
Translocations | 1 |  1.8
Invocations    | 1 |  1.9

Action                     |  1- 3 |  4- 6 |  7- 9 | 10-12 || total
---------------------------+-------+-------+-------+-------++-------
  Melee: Unarmed           |     1 |       |       |       ||     1
         Club              |    19 |       |       |       ||    19
         Headbutt          |     5 |     7 |    34 |    40 ||    86
         Giant spiked club |       |    57 |   227 |   195 ||   479
   Cast: Magic Dart        |    89 |    82 |   145 |   100 ||   416
         Call Imp          |     2 |    16 |    48 |    27 ||    93
         Mephitic Cloud    |     1 |     2 |    10 |    50 ||    63
         Blink             |       |       |     1 |     3 ||     4
    Use: Scroll            |     1 |     6 |     7 |     7 ||    21
         Potion            |       |       |       |     6 ||     6
   Stab: Confused          |       |       |     1 |    10 ||    11
         Distracted        |       |       |       |     1 ||     1
         Sleeping          |       |       |       |     1 ||     1
 Armour: Robe              |     1 |       |       |       ||     1
         Skin              |    17 |    71 |   290 |   214 ||   592
  Dodge: Dodged            |    14 |    41 |   177 |   142 ||   374

Table legend: (Time is in decaauts)
 A = Elapsed time spent in this place.
 B = Non-inter-level travel time spent in this place.
 C = Inter-level travel time spent in this place.
 D = Time resting spent in this place.
 E = Time spent auto-exploring this place.
 F = Levels seen in this place.
 G = Mean time per level.
                   A        B        C        D        E       F      G
               +--------+--------+--------+--------+--------+-----+--------+
         Total |  14275 |  13425 |    850 |   1839 |   8180 |  14 | 1019.6 |
       Dungeon |  12879 |  12039 |    840 |   1687 |   7490 |  10 | 1287.9 |
        Temple |     20 |     10 |     10 |      0 |      0 |   1 |   20.0 |
          Lair |     73 |     73 |      0 |      5 |      0 |   1 |   73.0 |
         Sewer |   1056 |   1056 |      0 |    119 |    651 |   1 | 1056.0 |
       Ossuary |    244 |    244 |      0 |     28 |     39 |   1 |  244.0 |
               +--------+--------+--------+--------+--------+-----+--------+

Top non-repeatable levels by time:
     D:6: 1762 daAuts
     D:8: 1731 daAuts
     D:5: 1708 daAuts
     D:9: 1652 daAuts
     D:7: 1410 daAuts
     D:3: 1259 daAuts
     D:2: 1137 daAuts
     D:1: 1115 daAuts
   Sewer: 1056 daAuts
     D:4: 1031 daAuts
 Ossuary: 244 daAuts
  Lair:1: 73 daAuts
    D:10: 69 daAuts
  Temple: 20 daAuts
